 Dungeon Crawl Stone Soup version 0.27.1-34-g3ba077fa99 (webtiles) character file.

Game seed: 12322802762078869008

128 Delamore the Sneak (level 5, -7/34 HPs)
             Began as an Octopode Brigand on Feb 11, 2022.
             Mangled by an orc (9 damage)
             ... on level 3 of the Dungeon.
             The game lasted 00:02:29 (2882 turns).

Delamore the Sneak (Octopode Brigand)               Turns: 2882, Time: 00:02:30

Health: -7/34      AC:  1    Str: 15    XL:     5   Next: 11%
Magic:  5/5        EV: 12    Int: 13    God:
Gold:   143        SH:  0    Dex: 14    Spells: 4/4 levels left

rFire    . . .     SeeInvis .   a - +2 dagger
rCold    . . .     Faith    .   (no shield)
rNeg     . . .     Spirit   .   (helmet restricted)
rPois    .         Reflect  .   (no amulet)
rElec    .         Harm     .   i - +6 ring of strength
rCorr    .         Rampage  .   (no ring)
Will     .....                  (no ring)
Stlth    +++++.....             (no ring)
HPRegen  0.11/turn              (no ring)
MPRegen  0.09/turn              (no ring)
                                (no ring)
                                (no ring)

@: no status effects
A: almost no armour, amphibious, 8 rings, camouflage 1, gelatinous body 1,
(nimble swimmer 1), tentacles, tentacle spike 1, weak 1, wild magic 1
a: no special abilities


You were on level 3 of the Dungeon.
You visited 1 branch of the dungeon, and saw 3 of its levels.

You collected 143 gold pieces.

Inventory:

Hand Weapons
 a - a +2 dagger (weapon)
Missiles
 b - 8 poisoned darts (quivered)
 c - 2 curare-tipped darts
Jewellery
 i - a +6 ring of strength (left tentacle)
Wands
 g - a wand of paralysis (12)
Scrolls
 d - a scroll of vulnerability
 e - a scroll of noise {unknown}
 f - a scroll of fear
 h - a scroll of blinking
 j - 3 scrolls of amnesia
 l - a scroll of enchant armour {unknown}
 m - a scroll of teleportation


   Skills:
 - Level 2.0 Fighting
 + Level 3.3 Short Blades
 - Level 2.0 Throwing
 - Level 1.0 Dodging
 * Level 7.7 Stealth


You had 4 spell levels left.
You didn't know any spells.
Your spell library contained the following spells:

 Spells                   Type           Power      Damage    Failure   Level
 Gell's Gravitas          Tloc           0%         N/A       75%         3
 Lesser Beckoning         Tloc           0%         N/A       75%         3
 Teleport Other           Tloc           0%         N/A       75%         3


Dungeon Overview and Level Annotations

Branches:
Dungeon (3/15)

Altars:


Innate Abilities, Weirdness & Mutations

You cannot wear most types of armour.
You are amphibious.
You can wear up to eight rings at the same time.
Your skin changes colour to match your surroundings (Stealth+).
Your rubbery body absorbs attacks. (AC +1, EV +1)
((You are camouflaged near water. (Stealth+)))
You have tentacles for arms and can constrict up to eight enemies at once.
One of your tentacles bears a spike.
You are weak. (Str -2)
Your spells are a little harder to cast, but a little more powerful.


Message History

You barely miss the orc wizard.
The orc wizard is severely wounded.
The orc wizard mumbles some strange words.
The orc wizard flickers and vanishes!
Deactivating autopickup; reactivate with Ctrl-A.
The orc wizard barely misses you. The orc barely misses you.
You bump into the rock wall.
The orc wizard hits you with a +0 dagger.
You miss something. Your squeeze misses something.
The orc wizard hits you with a +0 dagger.
It was a potion of mutation.
You feel extremely strange.
One of your lower tentacles grows a sharp spike.
You feel weaker.
You feel less in control of your magic. The orc barely misses you.
Something hits you.
* * * LOW HITPOINT WARNING * * *
You feel less confused.
A magic dart appears from out of thin air!
The magic dart hits you.
* * * LOW HITPOINT WARNING * * *
Okay, then.
As you read the scroll of fear, it crumbles to dust.
You assume a fearsome visage.
The orc looks frightened! x2
The orc wizard looks frightened!
The orc looks frightened!
The orc wizard mumbles some strange words.
The orc wizard flickers and vanishes!
There is an open door here.
Found 26 sling bullets.
You close the door.
An endoplasm comes into view.
An orc comes into view. It is wielding a +0 morningstar.
The orc shouts!
You hit the orc. Your grab misses the orc.
The orc is heavily wounded.
The orc hits you with a +0 morningstar.
* * * LOW HITPOINT WARNING * * *
You barely miss the orc. You grab the orc.
The orc is heavily wounded.
You constrict the orc, but do no damage.
The orc hits you with a +0 morningstar!
You die...

##.....## ###...#
##.......## ##.#J#.#
#.........####....(.#
'.........+.......#.##
#.........####.......#
##.o.....## ##.###..#
##{....## #.# #
##...## #.###..# ##'##
#.@o...# #.# #..###.#
#.# #..# #o# #..# ..o
#... .. ##.# #.# #.#


You could see an orc.

Vanquished Creatures
  Natasha (D:2)
  3 adders
  2 worms (D:2)
  3 dart slugs
  8 endoplasms
  3 giant cockroaches
  5 hobgoblins
  3 jackals (D:2)
  5 kobolds
  9 ball pythons
  2 bats (D:1)
  3 frilled lizards
  6 goblins
  9 rats
62 creatures vanquished.

Notes
Turn   | Place    | Note
-------+----------+-------------------------------------------
     0 | D:1      | Delamore the Octopode Brigand began the quest for the Orb.
     0 | D:1      | Reached XP level 1. HP: 14/14 MP: 1/1
   170 | D:1      | Reached XP level 2. HP: 19/19 MP: 2/2
   306 | D:1      | Reached skill level 6 in Stealth
   802 | D:1      | Reached XP level 3. HP: 24/24 MP: 3/3
  1324 | D:2      | Noticed Natasha
  1330 | D:2      | Killed Natasha
  1331 | D:2      | Reached skill level 7 in Stealth
  1331 | D:2      | Reached XP level 4. HP: 10/29 MP: 4/4
  2495 | D:3      | Reached XP level 5. HP: 34/34 MP: 5/5
  2866 | D:3      | Gained mutation: One of your tentacles bears a spike.
                  | [potion of mutation]
  2866 | D:3      | Gained mutation: You are weak. (Str -2) [potion of
                  | mutation]
  2866 | D:3      | Gained mutation: Your spells are a little harder to cast,
                  | but a little more powerful. [potion of mutation]
  2882 | D:3      | Mangled by an orc

Illustrated notes

Levels and vault maps discovered:
D:1:      scummos_arrival_simple_crosswalls, layout_loops_ring,
          chequers_serial_rivers_large_a, bh_walls_and_bars
D:2:      layout_loops_ring, uniq_natasha
D:3:      layout_loops_corners, uniq_crazy_yiuf_cottage

Skill      XL: |  1  2  3 |
---------------+----------+-----
Stealth        | 6 7 |  7.7
Short Blades   | 3 |  3.3
Fighting       | |  2.0
Throwing       | |  2.0
Dodging        | |  1.0

Action                   |  1- 3 |  4- 6 || total
-------------------------+-------+-------++-------
Melee: Dagger            |    62 |    46 ||   108
       Constrict         |    18 |    12 ||    30
       Tentacles         |    10 |     5 ||    15
Evoke: Wand              |     1 |       ||     1
  Use: Scroll            |     1 |     5 ||     6
       Potion            |       |     1 ||     1
 Stab: Sleeping          |    10 |     9 ||    19
       Paralysed         |     1 |       ||     1
       Distracted        |       |     1 ||     1
Armor: Skin              |     6 |     1 ||     7
Dodge: Dodged            |    29 |    16 ||    45
